 Dungeon Crawl Stone Soup version 0.30.0-18-gc0e69614cb (webtiles) character file.

Game seed: 7995564680134151621

42 Strat the Magician (level 3, 0/27 HPs)
             Began as a Djinni Fire Elementalist on May 25, 2023.
             Slain by an adder (3 damage)
             ... on level 2 of the Dungeon.
             The game lasted 00:03:09 (1009 turns).

Strat the Magician (Djinni Fire Elementalist)       Turns: 1009, Time: 00:03:10

Health: 0/27       AC:  2    Str:  9    XL:     3   Next: 77%
Gold:   81         EV: 12    Int: 16    God:
                   SH:  0    Dex: 13

rFire   + + .        a - +3 dagger
rCold   x . .        (no shield)
rNeg    . . .        e - +0 robe
rPois   ∞            (no helmet)
rElec   .            (no cloak)
rCorr   .            (no gloves)
SInv    .            (boots unavailable)
Will    .....        (no amulet)
Stlth   ++           (no ring)
HPRegen 0.24/turn    (no ring)
MPRegen 0.00/turn

%: infuse magic (-1 HP)
@: flying
A: sickness immunity, fire resistance 2, cold vulnerability 1, float, innate
caster, HP casting, extra vitality 1
a: no special abilities


You were on level 2 of the Dungeon.
You visited 1 branch of the dungeon, and saw 2 of its levels.

You collected 81 gold pieces.

Inventory:

Hand Weapons
 a - a +3 dagger (weapon)
 b - a +0 dagger
 g - a +0 short sword
Armour
 e - a +0 robe (worn)
Scrolls
 d - a scroll of fear {unknown}
 f - 2 scrolls of immolation {unknown}
 h - a scroll of identify {unknown}
 i - a scroll of amnesia {unknown}
Potions
 c - a potion of flight {unknown}


   Skills:
 + Level 1.5 Fighting
 - Level 2.1 Dodging
 - Level 1.5 Stealth
 * Level 3.2 Spellcasting


You knew the following spells:

 Your Spells              Type           Power      Damage    Failure   Level
a - Foxfire               Conj/Fire      48%        2x1d6     4%          1
b - Scorch                Fire           24%        2d6       8%          2
c - Volatile Blastmotes   Fire/Tloc      24%        2d12      14%         3
d - Inner Flame           Hex/Fire       12%        N/A       14%         3
e - Flame Wave            Conj/Fire      12%        2d6       43%         4
f - Sandblast             Erth           24%        2d8       4%          1
Your spell library was empty.

Dungeon Overview and Level Annotations

Branches:
Dungeon (2/15)

Altars:


Innate Abilities, Weirdness & Mutations

You are immune to sickness and miasma.
You are immune to poison.
Your flesh is very heat resistant. (rF++)
You are vulnerable to cold. (rC-)
You float through the air rather than walking.
You learn spells naturally, not from books.
Your magical power is your life essence.
You have superior vitality. (+4 MHP)


Message History

The jackal closely misses you. The jackal bites you.
* * * LOW HITPOINT WARNING * * *
The jackal closely misses you.
Casting: Scorch (safe; 8% risk of failure)
Confirm with . or Enter, or press ? or * to list all spells.
Flames lash the jackal.
You kill the jackal!
* * * LOW HITPOINT WARNING * * *
The jackal closely misses you. The jackal misses you.
Unknown command.
The jackal bites you.
* * * LOW HITPOINT WARNING * * *
The jackal barely misses you. The jackal closely misses you.
The jackal bites you but does no damage.
Found 2 stones.
Casting: Scorch (safe; 8% risk of failure)
Confirm with . or Enter, or press ? or * to list all spells.
Flames lash the adder.
The adder is lightly wounded.
The adder's fire resistance burns away.
* * * LOW HITPOINT WARNING * * *
You hear a shout!
The jackal barely misses you.
You hear an angry hiss.
Casting: Scorch (safe; 8% risk of failure)
Confirm with . or Enter, or press ? or * to list all spells.
Flames lash the jackal.
You kill the jackal!
* * * LOW HITPOINT WARNING * * *
The jackal barely misses you.
Your magical contamination has completely faded away.
You hit the jackal.
You kill the jackal!
The adder bites you.
* * * LOW HITPOINT WARNING * * *
You hit the adder.
The adder is moderately wounded.
The adder is no longer more vulnerable to fire.
The adder bites you.
You die...

#..# .##.# #.
#.###....# ##
##.#...#
#.†.#
##########
#.###
#.........
#...####
#.########
#......# #.#
###S##.####.#
#@##......#
#.#########
#.# ... .#.
.. .# .. .#
##( .#


You could see an adder.

Vanquished Creatures
  3 bats (D:1)
  An endoplasm (D:1)
  A giant cockroach (D:2)
  4 goblins (D:1)
  10 jackals
  6 kobolds (D:1)
  A quokka (D:1)
  4 ball pythons (D:1)
  3 frilled lizards (D:1)
  2 rats (D:1)
35 creatures vanquished.

Vanquished Creatures (collateral kills)
  A foxfire (D:1)
1 creature vanquished.

Vanquished Creatures (others)
  80 foxfires
80 creatures vanquished.

Grand Total: 116 creatures vanquished

Notes
Turn   | Place    | Note
-------+----------+-------------------------------------------
     0 | D:1      | Strat the Djinni Fire Elementalist began the quest for the
                  | Orb.
     0 | D:1      | Strat set off with the following spells memorised: Foxfire,
                  | Scorch, Volatile Blastmotes, Inner Flame, Flame Wave.
     0 | D:1      | Reached XP level 1. HP: 15/15 MP: 0/0
    99 | D:1      | Reached XP level 2. HP: 20/22 MP: 0/0
   244 | D:1      | Reached skill level 1 in Fighting
   416 | D:1      | Reached skill level 3 in Spellcasting
   416 | D:1      | Reached XP level 3. HP: 23/27 MP: 0/0
   416 | D:1      | Learned a level 1 spell: Sandblast
   625 | D:1      | Found a faded altar of an unknown god.
  1009 | D:2      | Slain by an adder

Illustrated notes

Levels and vault maps discovered:
D:1:      tarquinn_simple_flora_water_e, layout_basic,
          shapermc_ecumenical_altar_mp_urbaneastern, st_stairs_10
D:2:      layout_loops_cross, basic_altar, serial_shops,
          nicolae_shop_dealshenge, grunt_decor_resistance, kennysheep_nub,
          chequers_serial_rivers_micro_e, uniq_sigmund

Skill      XL: |  1  2 |
---------------+-------+-----
Fighting       | 1 |  1.5
Spellcasting   | 3 |  3.2
Dodging        | |  2.1
Stealth        | |  1.5

Action                     || total
---------------------------++-------
  Melee: Unarmed           ||     3
         Short sword       ||     8
         Dagger            ||     4
   Cast: Foxfire           ||    53
         Scorch            ||     4
 Armour: Robe              ||     8
  Dodge: Dodged            ||    54
